 Dungeon Crawl Stone Soup version 0.29.1-15-g9cfb28693d (webtiles) character file.

Game seed: 7114899519212804021

5854 croobank the Brooding (level 10, -1/66 HPs)
             Began as a Demonspawn Fire Elementalist on Mar 20, 2023.
             Was a Priest of Hepliaklqana.
             Slain by a red devil
             ... wielding a +0 trident
             ... summoned by an obsidian statue
              (10 damage)
             ... on level 9 of the Dungeon.
             The game lasted 00:27:29 (11414 turns).

croobank the Brooding (DsFE)                       Turns: 11414, Time: 00:27:30

Health: -1/66      AC: 11    Str:  8    XL:     10   Next: 52%
Magic:  7/18       EV: 13    Int: 21    God:    Hepliaklqana [***...]
Gold:   310        SH:  0    Dex: 14    Spells: 13/20 levels left

rFire   + . .      SeeInvis .   g - +8 short sword of Propriety {vamp, rPois}
rCold   . . .      Faith    .   (no shield)
rNeg    . . .      Spirit   .   p - +3 leather armour {rF+}
rPois   +          Reflect  .   k - +0 helmet
rElec   .          Harm     .   r - +0 cloak
rCorr   .          Rampage  .   (no gloves)
Will    ++...                   (no boots)
Stlth   +++.......              (no amulet)
HPRegen 0.21/turn               G - ring of willpower
MPRegen 0.16/turn               a - ring of willpower

@: spiked
A: reduced essence, molten scales 1, spiny 1, weakness stinger 2
a: Renounce Religion, Ancestor Life: Knight, Ancestor Life: Battlemage, Ancestor
Life: Hexer, Recall Ancestor, Ancestor Identity, Transference


You were on level 9 of the Dungeon.
You worshipped Hepliaklqana.
Hepliaklqana was most pleased with you.
You visited 2 branches of the dungeon, and saw 10 of its levels.

You collected 511 gold pieces.
You spent 201 gold pieces at shops.

Inventory:

Hand Weapons
 b - a +0 sling
 e - a +0 lajatang
 g - the +8 short sword of Propriety (weapon) {vamp, rPois}
   (You found it on level 4 of the Dungeon)

   It occasionally heals its wielder for a portion of the damage dealt when it
   wounds a living foe.
   rPois:     It protects you from poison.
 q - a +2 dagger of draining
 y - a +5 spear of freezing
 A - a +4 long sword
 B - a +3 hand axe of freezing
 J - a +2 war axe of freezing
 M - a +2 dagger of venom
 O - a +2 dagger of speed
Missiles
 f - 17 javelins
 i - 34 poisoned darts
 n - 2 silver boomerangs
Armour
 k - a +0 helmet (worn)
 m - a +0 robe
 p - a +3 leather armour of fire resistance (worn)
 r - a +0 cloak (worn)
 w - a +0 buckler
 C - +0 steam dragon scales
 L - a +2 robe of fire resistance
Jewellery
 a - a ring of willpower (right hand)
 j - a +6 ring of strength
 l - a +4 ring of evasion
 v - a ring of positive energy
 G - a ring of willpower (left hand)
 H - a ring of magical power
Wands
 h - a wand of flame (15)
 t - a wand of polymorph (2)
 F - a wand of charming (17)
Scrolls
 s - 3 scrolls of amnesia
 u - a scroll of butterflies
 z - 3 scrolls of immolation
 E - 2 scrolls of noise {unknown}
 I - a scroll of blinking {unknown}
 K - 3 scrolls of teleportation
 N - a scroll of poison
 Q - 4 scrolls of identify
 R - a scroll of summoning
Potions
 c - a potion of heal wounds
 d - a potion of cancellation
 o - 3 potions of curing
 x - a potion of resistance
 D - 2 potions of lignification {unknown}
 P - a potion of magic


   Skills:
 + Level 5.5 Fighting
 + Level 2.4 Short Blades
 - Level 4.4 Armour
 + Level 4.4 Dodging
 + Level 4.9 Stealth
 + Level 2.6 Shields
 + Level 5.6 Spellcasting
 + Level 5.8 Conjurations
 + Level 6.0 Fire Magic
 * Level 6.9 Invocations


You had 13 spell levels left.
You knew the following spells:

 Your Spells              Type           Power      Damage    Failure   Level
a - Foxfire               Conj/Fire      100%       2x1d9     1%          1
b - Scorch                Fire           62%        2d8       1%          2
c - Flame Wave            Conj/Fire      30%        2d9       12%         4

Your spell library contained the following spells:

 Spells                   Type           Power      Damage    Failure   Level
 Conjure Flame            Conj/Fire      30%        6-21      3%          3
 Dazzling Flash           Conj/Hex       36%        N/A       12%         3
 Inner Flame              Hex/Fire       18%        N/A       12%         3
 Summon Small Mammal      Summ           20%        N/A       14%         1
 Ignite Poison            Fire/Tmut/Pois 14%        N/A       19%         3
 Mephitic Cloud           Conj/Pois/Air  14%        N/A       19%         3
 Ensorcelled Hibernation  Hex/Ice        10%        N/A       22%         2
 Sublimation of Blood     Necr           5%         N/A       22%         2
 Call Canine Familiar     Summ           5%         N/A       38%         3
 Spider Form              Tmut/Pois      5%         N/A       38%         3
 Summon Guardian Golem    Hex/Summ       5%         N/A       38%         3
 Irradiate                Conj/Tmut      9%         3d14      75%         5
 Anguish                  Hex/Necr       2%         N/A       80%         4
 Cause Fear               Hex            2%         N/A       80%         4
 Petrify                  Tmut/Erth      5%         N/A       80%         4
 Freezing Cloud           Conj/Ice/Air   7%         6-21      86%         5
 Agony                    Necr           5%         N/A       98%         5
 Silence                  Hex/Air        2%         N/A       98%         5
 Discord                  Hex            2%         N/A       100%        8


Dungeon Overview and Level Annotations

Branches:
Dungeon (9/15)             Temple (1/1) D:4
   Lair: D:8-11         Orc: D:9-12

Altars:
Ashenzari
Cheibriados
Dithmenos
Fedhas
Gozag
Hepliaklqana
Kikubaaqudgha
Makhleb
Nemelex Xobeh
Okawaru
Ru
Sif Muna
Trog
Uskayaw
Wu Jian

Shops:
D:9 ?

Annotations:
D:7 2 transporters, croobank's ghost, novice DsFE
D:9 3 runed translucent doors, exclusion: obsidian statue


Innate Abilities, Weirdness & Mutations

Your life essence is reduced to manifest your ancestor. (-10% HP)
You are partially covered in molten scales. (AC +2)
You are partially covered in sharp spines.
You have a tail ending in a sharp stinger.


Message History

The red devil hits you but does no damage.
Casting: Scorch (safe; 1% risk of failure)
Confirm with . or Enter, or press ? or * to list all spells.
Flames lash the obsidian statue but do no damage.
The obsidian statue's eyes glow briefly.
The red devil hits you from afar with a +0 trident!
Barbed spikes become lodged in your body.
Ishtar-belessa hits the obsidian statue but does no damage.
Casting: Scorch (safe; 1% risk of failure)
Confirm with . or Enter, or press ? or * to list all spells.
Flames lash the obsidian statue but do no damage.
The sun demon closely misses Ishtar-belessa.
The red devil hits you from afar with a +0 trident.
Barbed spikes become lodged in your body.
Ishtar-belessa hits the obsidian statue but does no damage.
Casting: Scorch (safe; 1% risk of failure)
Confirm with . or Enter, or press ? or * to list all spells.
Flames lash the obsidian statue.
The obsidian statue completely resists.
The sixfirhy hits Ishtar-belessa.
The sixfirhy shocks Ishtar-belessa!
The sixfirhy barely misses Ishtar-belessa.
The sixfirhy hits Ishtar-belessa.
The sixfirhy shocks Ishtar-belessa!
The sun demon hits Ishtar-belessa!!
Ishtar-belessa is destroyed!
The red devil hits you from afar with a +0 trident.
Barbed spikes become lodged in your body.
Casting: Scorch (safe; 1% risk of failure)
Confirm with . or Enter, or press ? or * to list all spells.
Flames lash the sixfirhy.
The sixfirhy is lightly wounded.
The sixfirhy's fire resistance burns away.
The sixfirhy is struck by your spines. The sixfirhy completely misses you.
The sixfirhy hits you but does no damage.
The sixfirhy is struck by your spines.
The sixfirhy hits you but does no damage.
The sixfirhy hits you!
* * * LOW HITPOINT WARNING * * *
The sixfirhy shocks you!
* * * LOW HITPOINT WARNING * * *
The red devil hits you from afar with a +0 trident!
You die...

##..#.# ##.###....#.##
##...#.####.# #....####
###........#..# #.)..# #
#......#+#....###.)..####
#....###.###...##...)'...
#..###.....###.##....####
#..#...#'#...#..#.####
##.##.###.###.##...#
#..#..#..@..#..#..##
#.##.##4.33.##.##.#
#.+..+..$8?..+..'b###
###.##.##..!..##.##.b.#
#....#..#.....#..#..#.#
#.##.##.###.###.##.##.######
#.##..#...#+#..b#.b#........
#.###.###.....###.##........
#.# #...###.###.............


You could see an obsidian statue, a sun demon (summoned), a sixfirhy (summoned,
combustible) and a red devil (summoned).

Vanquished Creatures
  A hydra (D:8)
  A moth of wrath (D:4)
  A wyvern (D:9)
  4 yaks (D:5)
  A steam dragon (D:8)
  The ghost of leafyfresh the Sneak, an amateur OpDe (D:6)
  An acid dragon (D:7)
  3 ice beasts
  An orc warrior (D:8)
  A centaur (D:8)
  3 ogres
  2 phantoms
  2 kobold brigands
  4 bullfrogs
  2 necrophages
  A scorpion (D:5)
  11 wights
  4 killer bees (D:7)
  A howler monkey (D:5)
  2 hounds (D:6)
  2 gnoll boudas (D:7)
  A jelly (D:5)
  8 orc priests
  An iguana (D:5)
  13 orc wizards
  Natasha (twice) (D:2)
  6 gnolls
  5 adders
  An ufetubus (D:6)
  4 worms
  37 orcs
  6 bats
  6 endoplasms
  8 goblins
  4 hobgoblins
  3 jackals (D:2)
  10 kobolds
  2 quokkas
  6 ball pythons
  3 frilled lizards
  6 rats
181 creatures vanquished.

Vanquished Creatures (collateral kills)
  Grinder (D:6)
  A scorpion (D:6)
  2 wights
  A killer bee (D:7)
  A howler monkey (D:8)
  A jelly (D:8)
  4 orc priests
  An orc wizard (D:8)
  An adder (D:6)
  3 gnolls (D:7)
  7 orcs
  A kobold (D:7)
24 creatures vanquished.

Vanquished Creatures (others)
  5 ancestors
  319 foxfires
324 creatures vanquished.

Grand Total: 529 creatures vanquished

Notes
Turn   | Place    | Note
-------+----------+-------------------------------------------
     0 | D:1      | croobank the Demonspawn Fire Elementalist began the quest
                  | for the Orb.
     0 | D:1      | Reached XP level 1. HP: 13/13 MP: 3/3
   261 | D:1      | Gained mutation: You are partially covered in molten
                  | scales. (AC +2) [demonic ancestry]
   261 | D:1      | Reached XP level 2. HP: 16/19 MP: 3/5
   264 | D:1      | Learned a level 2 spell: Scorch
  1317 | D:2      | Noticed Natasha
  1326 | D:2      | Killed Natasha
  1327 | D:2      | Reached XP level 3. HP: 25/25 MP: 3/6
  1731 | D:2      | Reached skill level 1 in Fighting
  1801 | D:2      | Reached XP level 4. HP: 32/32 MP: 2/7
  2054 | D:2      | Noticed Natasha
  2069 | D:2      | Killed Natasha
  3491 | D:3      | Reached XP level 5. HP: 37/37 MP: 5/8
  3614 | D:3      | Learned a level 4 spell: Flame Wave
  4268 | D:5      | Entered Level 5 of the Dungeon
  4353 | D:4      | Noticed an ogre
  4369 | D:4      | Killed an ogre
  4447 | D:4      | Found a staircase to the Ecumenical Temple.
  4449 | D:4      | Noticed an ogre
  4453 | D:4      | Killed an ogre
  4454 | D:4      | Reached XP level 6. HP: 44/44 MP: 3/10
  4531 | Temple   | Entered the Ecumenical Temple
  4537 | Temple   | Became a worshipper of Hepliaklqana the Forgotten
  4684 | D:4      | Identified the +8 short sword of Propriety {vamp, rPois}
  4721 | D:4      | Noticed a moth of wrath
  4724 | D:4      | Found a bloodstained altar of Trog.
  4839 | D:4      | Killed a moth of wrath
  4840 | D:4      | Gained mutation: You are partially covered in sharp spines.
                  | [demonic ancestry]
  4840 | D:4      | Reached XP level 7. HP: 51/51 MP: 2/12
  4944 | D:4      | Found an ancient bone altar of Kikubaaqudgha.
  5116 | D:4      | Found an iron altar of Okawaru.
  5116 | D:4      | Found a sparkling altar of Nemelex Xobeh.
  5358 | D:5      | Reached skill level 1 in Short Blades
  5366 | D:5      | Found an ornate altar of the Wu Jian Council.
  5464 | D:5      | Reached skill level 1 in Armour
  5560 | D:5      | Noticed a yak
  5716 | D:5      | Reached * piety under Hepliaklqana
  5907 | D:5      | Noticed a yak
  5913 | D:5      | Killed a yak
  5913 | D:5      | Noticed a yak
  5914 | D:5      | Gained mutation: You have a small tail. [demonic ancestry]
  5914 | D:5      | Reached XP level 8. HP: 52/52 MP: 4/13
  6583 | D:6      | Found a large runed translucent door.
  6585 | D:6      | Found a large runed translucent door.
  6587 | D:6      | Noticed leafyfresh's ghost (amateur OpDe)
  6591 | D:6      | Noticed Grinder
  6600 | D:6      | Killed Grinder
  6601 | D:6      | Reached skill level 5 in Fire Magic
  6601 | D:6      | Gained mutation: You have a tail ending in a sharp stinger.
                  | [demonic ancestry]
  6601 | D:6      | Reached XP level 9. HP: 48/59 MP: 3/15
  7297 | D:6      | Killed leafyfresh's ghost
  7298 | D:6      | Reached skill level 5 in Conjurations
  7369 | D:7      | Reached skill level 1 in Shields
  7369 | D:7      | Reached skill level 5 in Spellcasting
  7824 | D:7      | Reached skill level 5 in Invocations
  8002 | D:7      | Found a transporter.
  8002 | D:7      | Found a transporter.
  8003 | D:7      | Noticed croobank's ghost (novice DsFE)
  8004 | D:7      | Identified the +2 great mace of Enten {vorpal, Dex+6
                  | Stlth+}
  8004 | D:7      | Noticed a two-headed ogre
  8043 | D:7      | Reached skill level 5 in Fighting
  8808 | D:8      | Reached ** piety under Hepliaklqana
  8999 | D:8      | Reached XP level 10. HP: 66/66 MP: 13/17
  9138 | D:8      | Noticed a six-headed hydra
 10237 | D:8      | Killed a six-headed hydra
 10546 | D:9      | Found an opulent altar of Gozag.
 10708 | D:9      | Found a runed translucent door.
 10723 | D:9      | Found a runed translucent door.
 10869 | D:9      | Reached *** piety under Hepliaklqana
 10919 | D:9      | Found a runed translucent door.
 10933 | D:9      | Found a runed translucent door.
 11190 | D:9      | Found Jefiku's Magic Scroll Shoppe.
 11195 | D:9      | Bought 3 scrolls of identify for 78 gold pieces
 11195 | D:9      | Bought a scroll of summoning for 123 gold pieces
 11278 | D:9      | Noticed an obsidian statue
 11412 | D:9      | Noticed a sixfirhy
 11412 | D:9      | Noticed a sun demon
 11414 | D:9      | Slain by a red devil

Illustrated notes

Levels and vault maps discovered:
D:1:      giann_forest_graveyard, layout_basic
D:2:      layout_basic, uniq_natasha
D:3:      layout_loops_ring, amcnicky_altar_gilded
D:4:      layout_loops_ring, tgw_trog, gammafunk_temple_overflow_forgotten,
          minmay_temple_entry_stoned_glass
D:5:      layout_rooms, mainiacjoe_overflow_small_starburst
D:6:      layout_basic, ebering_ghost_disaster_area, uniq_grinder
D:7:      layout_loops_ring, gammafunk_ghost_smash
D:8:      layout_basic, grunt_ministairs_5
D:9:      layout_basic, mainiacjoe_overflow_catwalk, serial_shops,
          kennysheep_little_box, minmay_statue_crystal_thing
Temple:   hellmonk_temple_two_chambers

Skill      XL: |  1  2  3  4  5  6  7  8  9 10 |
---------------+-------------------------------+-----
Stealth        | 2 3 4 |  4.9
Dodging        | 2 3 4 |  4.4
Fire Magic     | 3 4 5 6 |  6.0
Fighting       | 1 2 3 4 5 |  5.5
Conjurations   | 2 3 4 5 |  5.8
Spellcasting   | 3 4 5 |  5.6
Invocations    | 2 3 5 6 |  6.9
Short Blades   | 1 2 |  2.4
Armour         | 1 4 |  4.4
Shields        | 1 2 |  2.6

Action                   |  1- 3 |  4- 6 |  7- 9 | 10-12 || total
-------------------------+-------+-------+-------+-------++-------
Melee: Dagger            |    19 |    28 |     1 |       ||    48
       Unarmed           |     1 |       |       |       ||     1
       Punch             |       |     1 |       |     1 ||     2
       Short sword       |       |       |    67 |    21 ||    88
       Tailslap          |       |       |     6 |     2 ||     8
 Cast: Foxfire           |    33 |    19 |    95 |    43 ||   190
       Scorch            |    16 |    30 |    88 |    56 ||   190
       Flame Wave        |       |       |       |     1 ||     1
  Use: Potion            |     1 |     1 |       |       ||     2
       Scroll            |       |     9 |     4 |     5 ||    18
 Stab: Sleeping          |     3 |       |       |     3 ||     6
       Distracted        |       |       |     3 |       ||     3
Armor: Robe              |     9 |     8 |     2 |       ||    19
       Leather armour    |       |       |    15 |    11 ||    26
Dodge: Dodged            |    37 |    19 |    54 |    41 ||   151
